 Dungeon Sprint DCSS version 0.19.5 (webtiles) character file.

1514 dwjmeijer the Unseen (level 8, -16/36 HPs)
             Began as a Spriggan Enchanter on May 12, 2017.
             Was an Initiate of Nemelex Xobeh.
             Killed by an exploding ballistomycete spore (25 damage)
             ... in the Dungeon (Sprint I: "Red Sonja").
             The game lasted 00:02:02 (335 turns).

dwjmeijer the Unseen (Spriggan Enchanter)            Turns: 335, Time: 00:02:03

Health: -16/36     AC:  4    Str:  4    XL:     8   Next: 53%
Magic:  22/22      EV: 18    Int: 17    God:    Nemelex Xobeh [......]
Gold:   537        SH:  0    Dex: 18    Spells: 4 memorised, 16 levels left

rFire  . . .     SeeInvis +     i - +0 dagger (protect)
rCold  . . .     Gourm    .     k - +2 robe {MR+}
rNeg   . . .     Faith    .     (shield restricted)
rPois  .         Spirit   .     (helmet restricted)
rElec  .         Reflect  .     (no cloak)
rCorr  .         Harm     .     (gloves unavailable)
MR     ++...     NoTele   +     (boots unavailable)
Stlth  +++.......               (no amulet)
                                (no ring)
                                (no ring)

@: confused, very quick
A: unfitting armour, see invisible, herbivore 3, speed 3, slow metabolism 2
a: Renounce Religion


You were in the Dungeon.
You worshipped Nemelex Xobeh.
Nemelex Xobeh was noncommittal.
You were not hungry.

You visited 1 branch You collected 537 gold pieces.

Inventory:

Hand Weapons
 a - a +1 dagger
 i - a +0 dagger of protection (weapon)
Armour
 b - a +1 robe
 k - a +2 robe of magic resistance (worn)
Scrolls
 j - a scroll of blinking
 m - a scroll of enchant weapon {unknown}
 n - a scroll of fear {unknown}
 o - a scroll of enchant armour {unknown}
Potions
 e - a potion of curing
 f - a potion of heal wounds
 g - a potion of haste
 h - 2 potions of magic
 p - a potion of cure mutation {unknown}
Books
 c - a book of Maledictions

   Spells                             Type                      Level
   a - Corona                         Hexes                        1
   b - Ensorcelled Hibernation        Hexes/Ice                    2
   c - Confuse                        Hexes                        3
   d - Tukima's Dance                 Hexes                        3
   e - Dazzling Spray                 Conjuration/Hexes            3
Miscellaneous
 l - a plain deck of destruction
Comestibles
 d - a bread ration


   Skills:
 - Level 1.1 Short Blades
 - Level 3.0 Dodging
 + Level 16.9 Stealth
 - Level 9.2 Spellcasting
 + Level 13.5 Hexes
 + Level 7.3 Invocations


You had 16 spell levels left.
You knew the following spells:

 Your Spells              Type           Power        Failure   Level  Hunger
a - Corona                Hex            ######.      1%          1    None
b - Ensorcelled Hibernat  Hex/Ice        ####..       1%          2    None
c - Confuse               Hex            ######..     1%          3    None
d - Dazzling Spray        Conj/Hex       ####..       1%          3    None


Dungeon Overview and Level Annotations

Branches:
Dungeon (1/1)

Altars:
Cheibriados
Dithmenos
Elyvilon
Fedhas
Gozag
Hepliaklqana
Kikubaaqudgha
Nemelex Xobeh
Okawaru
Qazlal
Ru
Sif Muna
Trog
Uskayaw
Vehumet
Yredelemnul
Zin
The Shining One

Shops:
D (![


Innate Abilities, Weirdness & Mutations

You are very small and have problems with some larger weapons.
You are too small for most types of armour.
You have supernaturally acute eyesight. (SInv)
You are a herbivore.
You cover ground extremely quickly.
You need consume almost no food.


Message History

an uncursed short sword of venom; an uncursed runed blowgun 7 curare-tipped needles; the kobold corpse of Sonja As you open the door, it creaks loudly! 2 ballistomycete spores come into view.
The ballistomycete spore waves its rhizomes. x2
A ballistomycete grows in the wake of the ballistomycete spore. x2
The ballistomycete spore explodes!
The explosion of spores engulfs the ballistomycete.
The explosion of spores engulfs you!
You are confused.
Ouch! That really hurt!
* * * LOW HITPOINT WARNING * * *
The explosion of spores engulfs the ballistomycete spore.
The ballistomycete spore explodes!
The explosion of spores engulfs the ballistomycete. x2
The explosion of spores engulfs you!
You are more confused.
Ouch! That really hurt!
You die...
Your body disappears without a glow.

#..#__####..##(#
#..#_____##'#..+
#⌠⌠#_.∩..†'..._#
####_..__##_.#'##+###
#_____###'#(#....###
############.####'###.##
#∩........'...'.....'.∩#
###++++####.).##########
##@## #'#


P$P $?:($ ####### There were no monsters in sight!

Vanquished Creatures
  Sonja (D)
  A deep troll (D)
  Sigmund (D)
  A yak (D)
  An ogre (D)
  A jelly (D)
  Ijyb (D)
7 creatures vanquished.

Vanquished Creatures (others)
  A gargoyle (D)
1 creature vanquished.

Grand Total: 8 creatures vanquished

Notes
Turn   | Place    | Note
-------+----------+-------------------------------------------
     0 | D        | dwjmeijer the Spriggan Enchanter began the quest for the Orb.
     0 | D        | Reached XP level 1. HP: 9/9 MP: 5/5
     2 | D        | Noticed Ijyb
    16 | D        | Killed Ijyb
    16 | D        | Reached skill level 6 in Stealth
    16 | D        | Reached skill level 5 in Hexes
    16 | D        | Reached XP level 2. HP: 10/13 MP: 5/8
    62 | D        | Learned a level 2 spell: Ensorcelled Hibernation
   134 | D        | Noticed an ogre
   136 | D        | Killed an ogre
   136 | D        | Reached skill level 9 in Stealth
   136 | D        | Reached XP level 3. HP: 16/16 MP: 9/12
   136 | D        | Reached XP level 4. HP: 21/21 MP: 9/13
   170 | D        | Noticed Sigmund
   172 | D        | Killed Sigmund
   172 | D        | Reached skill level 11 in Stealth
   172 | D        | Reached XP level 5. HP: 24/24 MP: 14/17
   195 | D        | Found a deep blue altar of Sif Muna.
   197 | D        | Found a radiant altar of Vehumet.
   201 | D        | Reached XP level 6. HP: 28/28 MP: 19/19
   206 | D        | Learned a level 3 spell: Confuse
   210 | D        | Learned a level 3 spell: Dazzling Spray
   234 | D        | Found Yjenewk's Distillery.
   234 | D        | Found an ancient bone altar of Kikubaaqudgha.
   234 | D        | Found a hazy altar of Hepliaklqana.
   234 | D        | Found a stormy altar of Qazlal.
   234 | D        | Found a hide-covered altar of Uskayaw.
   234 | D        | Found a blossoming altar of Fedhas.
   234 | D        | Found a bloodstained altar of Trog.
   234 | D        | Found an iron altar of Okawaru.
   234 | D        | Found a basalt altar of Yredelemnul.
   234 | D        | Found a glowing golden altar of the Shining One.
   234 | D        | Found a snail-covered altar of Cheibriados.
   234 | D        | Found a sacrificial altar of Ru.
   234 | D        | Found a glowing silver altar of Zin.
   234 | D        | Found a shadowy altar of Dithmenos.
   234 | D        | Found a white marble altar of Elyvilon.
   234 | D        | Noticed a yak
   235 | D        | Found an opulent altar of Gozag.
   236 | D        | Killed a yak
   236 | D        | Reached skill level 13 in Stealth
   236 | D        | Reached skill level 10 in Hexes
   237 | D        | Found a sparkling altar of Nemelex Xobeh.
   240 | D        | Became a worshipper of Nemelex Xobeh the Trickster
   247 | D        | Killed a gargoyle
   249 | D        | Noticed Sonja
   253 | D        | Killed Sonja
   253 | D        | Reached skill level 15 in Stealth
   253 | D        | Reached skill level 5 in Invocations
   253 | D        | Reached XP level 7. HP: 32/32 MP: 20/20
   267 | D        | Found Leemukk's Antique Weapon Boutique.
   287 | D        | Received a gift from Nemelex Xobeh
   287 | D        | Noticed a deep troll
   291 | D        | Killed a deep troll
   291 | D        | Reached skill level 16 in Stealth
   291 | D        | Reached XP level 8. HP: 36/36 MP: 17/22
   304 | D        | Found Xehed's Armour Emporium.
   335 | D        | Killed by an exploding ballistomycete spore

Skill      XL: |  1  2  3  4  5  6  7 |
---------------+----------------------+-----
Stealth        | 6 9 11 15 16 | 16.9
Spellcasting   | 4 6 8 9 |  9.2
Hexes          | 5 7 9 12 13 | 13.5
Invocations    | 5 7 |  7.3
Short Blades   | |  1.1
Dodging        | |  3.0

Action                   |  1- 3 |  4- 6 |  7- 9 || total
-------------------------+-------+-------+-------++-------
Melee: Dagger            |    13 |     4 |     1 ||    18
 Cast: Ensorcelled Hiber |       |       |     2 ||     2
  Use: Potion            |     1 |       |       ||     1
 Stab: Sleeping          |     1 |     4 |     1 ||     6
Armor: Robe              |     1 |       |       ||     1
Dodge: Dodged            |     5 |       |       ||     5
